 Dungeon Crawl Stone Soup version 0.27-a0-1555-g0e7b3fb1d2 (webtiles) character file.

Game seed: 15999760982395387560

151 bande the Shield-Bearer (level 5, 29/29 HPs)
             Began as a Gargoyle Fighter on July 14, 2021.
             Quit the game on level 3 of the Dungeon.
             The game lasted 00:04:57 (2239 turns).

bande the Shield-Bearer (Gargoyle Fighter)          Turns: 2239, Time: 00:04:58

Health: 29/29      AC: 18    Str: 19    XL:     5   Next: 33%
Magic:  5/5        EV:  5    Int:  9    God:
Gold:   59         SH:  9    Dex: 10    Spells: 4/4 levels left

rFire    . . .     SeeInvis .   e - +3 hand axe
rCold    . . .     Faith    .   c - +0 kite shield
rNeg     + . .     Spirit   .   j - +0 chain mail
rPois    ∞         Reflect  .   (no helmet)
rElec    +         Harm     .   (no cloak)
rCorr    .         Rampage  .   (no gloves)
Will     .....                  h - +0 pair of boots
Stlth    ..........             (no amulet)
HPRegen  0.09/turn              f - +4 ring of protection
MPRegen  0.09/turn              (no ring)

@: weak-willed
A: sickness immunity, AC +4, negative energy resistance 1, electricity
resistance, torment resistance 1, petrification resistance, frail 1, inhibited
regeneration, wild magic 1
a: no special abilities


You were on level 3 of the Dungeon.
You visited 1 branch of the dungeon, and saw 3 of its levels.

You collected 59 gold pieces.

Inventory:

Hand Weapons
 a - a +1 war axe
 e - a +3 hand axe (weapon)
 l - a +0 flail of draining
Armour
 c - a +0 kite shield (worn)
 h - a +0 pair of boots (worn)
 j - a +0 chain mail (worn)
Jewellery
 f - a +4 ring of protection (left hand)
Wands
 k - a wand of polymorph (1)
Scrolls
 m - 2 scrolls of enchant weapon
Potions
 b - a potion of curing
 d - a potion of might
 g - a potion of heal wounds


   Skills:
 + Level 4.0 Fighting
 + Level 3.1 Axes
 + Level 3.8 Armour
 + Level 1.1 Dodging
 + Level 4.1 Shields


You had 4 spell levels left.
You didn't know any spells.
Your spell library was empty.

Dungeon Overview and Level Annotations

Branches:
Dungeon (3/15)

Altars:


Innate Abilities, Weirdness & Mutations

You are immune to sickness and miasma.
Your stone body is resilient. (AC +4)
You are immune to poison.
You resist negative energy. (rN+)
You are resistant to electric shocks. (rElec)
You are resistant to unholy torment.
You are immune to petrification.
You are frail. (-10% HP)
You do not regenerate when monsters are visible.
Your spells are a little harder to cast, but a little more powerful.


Message History

You closely miss the jackal.
A jackal comes into view.
The jackal bites you but does no damage.
The jackal barks!
You hit the jackal.
You kill the jackal!
You closely miss the jackal.
The jackal bites you but does no damage.
You block the jackal's attack.
You hit the jackal but do no damage. You block the jackal's attack. x2
You closely miss the jackal. You hit the jackal.
You kill the jackal!
The jackal bites you but does no damage.
You block the jackal's attack.
You closely miss the jackal.
The jackal bites you but does no damage. x2
You miss the jackal.
The jackal bites you but does no damage.
You hit the jackal.
The jackal is moderately wounded.
The jackal bites you but does no damage. x2
You hit the jackal.
The jackal is heavily wounded.
The jackal bites you but does no damage.
You block the jackal's attack.
You hit the jackal.
You kill the jackal!
No target in view!
No target in view!
No target in view!
No target in view!
Things that are here:
a jackal corpse; a frilled lizard corpse
Found a stone staircase leading down.
i - a murky brown potion
Okay, then.
It was a potion of mutation.
You feel extremely strange.
Your regeneration stops near monsters.
You feel less in control of your magic.
You feel frail.
Are you sure you want to abandon this character and quit the game? (Confirm with "yes".)

# ..###################
....................####
........................
...........†........##..
..........####...#####..
.......@..# #...# #..
..........# #...# ###..
..........# #...# #....
..........# #...###.###
###......## ##.......#..
.......................
...>....................
...#............#.......
.......#.......


There were no monsters in sight!

Vanquished Creatures
  Terence (D:2)
  An orc wizard (D:3)
  2 adders
  2 dart slugs
  5 orcs (D:3)
  7 endoplasms
  2 giant cockroaches
  5 goblins
  6 hobgoblins
  10 jackals
  3 kobolds (D:1)
  2 quokkas
  5 ball pythons
  2 bats
  8 frilled lizards
  8 rats
69 creatures vanquished.

Vanquished Creatures (others)
  A plant (D:2)
1 creature vanquished.

Grand Total: 70 creatures vanquished

Notes
Turn   | Place    | Note
-------+----------+-------------------------------------------
     0 | D:1      | bande the Gargoyle Fighter began the quest for the Orb.
     0 | D:1      | Reached XP level 1. HP: 14/14 MP: 1/1
    40 | D:1      | Found a faded altar of an unknown god.
   153 | D:1      | Reached XP level 2. HP: 19/19 MP: 2/2
   730 | D:1      | Reached XP level 3. HP: 23/23 MP: 3/3
  1492 | D:2      | Reached XP level 4. HP: 29/29 MP: 4/4
  1601 | D:2      | Noticed Terence
  1616 | D:2      | Killed Terence
  1617 | D:2      | Reached skill level 1 in Dodging
  2030 | D:3      | Reached XP level 5. HP: 32/33 MP: 5/5
  2238 | D:3      | Gained mutation: You do not regenerate when monsters are
                  | visible. [potion of mutation]
  2238 | D:3      | Gained mutation: Your spells are a little harder to cast,
                  | but a little more powerful. [potion of mutation]
  2238 | D:3      | Gained mutation: You are frail. (-10% HP) [potion of
                  | mutation]
  2239 | D:3      | Quit the game

Illustrated notes

Levels and vault maps discovered:
D:1:      matt_arrival_debris, layout_basic,
          hellmonk_ecumenical_altar_slurped_away, chequers_serial_rivers_micro_e
D:2:      layout_rooms, serial_bayou_pond_e, uniq_terence
D:3:      layout_basic

Skill      XL: |  1  2  3  4  5 |
---------------+----------------+-----
Axes           | 2 3 |  3.1
Dodging        | 1 |  1.1
Shields        | 4 |  4.1
Fighting       | 4 |  4.0
Armour         | |  3.8

Action                   |  1- 3 |  4- 6 || total
-------------------------+-------+-------++-------
Melee: War axe           |   125 |    62 ||   187
       Hand axe          |       |    29 ||    29
  Use: Scroll            |     2 |     4 ||     6
       Potion            |       |     2 ||     2
Armor: Scale mail        |    61 |       ||    61
       Chain mail        |     8 |    52 ||    60
       Skin              |       |     4 ||     4
Dodge: Dodged            |    46 |    13 ||    59
Block: Kite shield       |    67 |    52 ||   119

Table legend: (Time is in decaauts)
 A = Elapsed time spent in this place.
 B = Non-inter-level travel time spent in this place.
 C = Inter-level travel time spent in this place.
 D = Time resting spent in this place.
 E = Time spent auto-exploring this place.
 F = Levels seen in this place.
 G = Mean time per level.
                   A        B        C        D        E       F      G
               +--------+--------+--------+--------+--------+-----+--------+
         Total |   2362 |   2349 |     13 |    337 |   1318 |   3 |  787.3 |
       Dungeon |   2362 |   2349 |     13 |    337 |   1318 |   3 |  787.3 |
               +--------+--------+--------+--------+--------+-----+--------+

Top non-repeatable levels by time:
     D:1: 1196 daAuts
     D:2: 891 daAuts
     D:3: 275 daAuts
